[Event "6th Heraklion Fischer 2019"]
[Site "Heraklion"]
[Date "2019.04.29"]
[Round "1.2"]
[White "Oglaza, Oskar"]
[Black "Rozentalis, Eduardas"]
[Result "1/2-1/2"]
[ECO "C18"]
[WhiteElo "2338"]
[BlackElo "2568"]
[Annotator "RC"]
[PlyCount "76"]
[EventDate "2019.04.29"]
[EventType "tourn"]
[EventCountry "GRE"]
[SourceTitle "playchess.com"]
[Source "ChessBase"]
[SourceQuality "1"]
[TimeControl "40/5400+30:1800+30"]

1. e4 e6 2. d4 d5 3. Nc3 Bb4 4. e5 c5 5. a3 Bxc3+ 6. bxc3 Ne7 7. Qg4 Nf5 8. Bd3 h5 9. Qf4 Nc6 10. Nf3 Nce7 11. dxc5 Qc7 12. Bxf5 Nxf5 13. Nd4 Qxc5 14. Nxf5 exf5 15. Qd4 Qxd4 16. cxd4 Bd7 17. Bd2 Rc8 18. c3 Rc4 19. Rb1 b6 20. Rb4 Rxb4 21. cxb4 h4 22. f3 Bb5 23. Kf2 Kd7 24. Rc1 Rh5 25. a4 Bc4 26. a5 bxa5 27. bxa5 Rh8 28. Rb1 Ba6 29. Bb4 Rb8 30. g3 hxg3+ 31. hxg3 Bc4 32. Rb2 a6 33. Ba3 Bb5 34. Rc2 Rh8 35. Kg2 g5 36. Bd6 Bc6 37. Rb2 Bb5 38. Rc2 Bc6 1/2-1/2

[Event "6th Heraklion Fischer 2019"]
[Site "Heraklion"]
[Date "2019.04.30"]
[Round "2.2"]
[White "Gungl, Theo"]
[Black "Mitsis, Georgios"]
[Result "1/2-1/2"]
[ECO "E46"]
[WhiteElo "2329"]
[BlackElo "2362"]
[Annotator "NA"]
[PlyCount "38"]
[EventDate "2019.04.29"]
[EventType "tourn"]
[EventCountry "GRE"]
[SourceTitle "playchess.com"]
[Source "ChessBase"]
[SourceQuality "1"]
[TimeControl "40/5400+30:1800+30"]

1. d4 Nf6 2. c4 e6 3. Nc3 Bb4 4. e3 O-O 5. Nge2 c6 6. a3 Ba5 7. c5 Bc7 8. g3 b6 9. b4 a5 10. Bb2 axb4 11. axb4 Rxa1 12. Qxa1 d5 $11 13. cxb6 Bxb6 14. Bg2 Ba6 15. O-O Bc7 16. Qa4 Bd6 17. b5 cxb5 18. Nxb5 Bxb5 19. Qxb5 Nbd7 1/2-1/2

[Event "6th Heraklion Fischer 2019"]
[Site "Heraklion"]
[Date "2019.04.30"]
[Round "2.3"]
[White "Leenhouts, Koen"]
[Black "Moksh Amit Doshi"]
[Result "1-0"]
[ECO "E04"]
[WhiteElo "2446"]
[BlackElo "2256"]
[Annotator "NA"]
[PlyCount "71"]
[EventDate "2019.04.29"]
[EventType "tourn"]
[EventCountry "GRE"]
[SourceTitle "playchess.com"]
[Source "ChessBase"]
[SourceQuality "1"]
[TimeControl "40/5400+30:1800+30"]

1. d4 Nf6 2. c4 e6 3. g3 d5 4. Nf3 dxc4 5. Bg2 c5 6. O-O Nc6 7. Qa4 Bd7 8. Qxc4 cxd4 9. Nxd4 Rc8 10. Nc3 Nxd4 11. Qxd4 Bc5 12. Qh4 h6 13. Bxb7 Rb8 14. Bg2 Rb4 $14 15. e4 Bd4 16. a3 Rb3 17. e5 Bxe5 18. Re1 Rxc3 19. Rxe5 Rc2 20. Be3 Qc7 21. Qd4 O-O 22. Rc5 Rxc5 23. Qxc5 Qb8 24. b4 a6 25. Qd4 Nd5 26. Bd2 Rc8 27. Bxd5 exd5 28. Bc3 f6 29. Qxd5+ Kh8 30. Bxf6 Bc6 31. Qh5 gxf6 32. Qxh6+ Kg8 33. Qg6+ Kf8 34. Qxf6+ Kg8 35. Re1 Ba8 36. Qg5+ 1-0

[Event "6th Heraklion Fischer 2019"]
[Site "Heraklion"]
[Date "2019.04.30"]
[Round "2.5"]
[White "Tate, Alan"]
[Black "Oglaza, Oskar"]
[Result "1/2-1/2"]
[ECO "E60"]
[WhiteElo "2308"]
[BlackElo "2338"]
[Annotator "NA"]
[PlyCount "116"]
[EventDate "2019.04.29"]
[EventType "tourn"]
[EventCountry "GRE"]
[SourceTitle "playchess.com"]
[Source "ChessBase"]
[SourceQuality "1"]
[TimeControl "40/5400+30:1800+30"]

1. Nf3 Nf6 2. g3 g6 3. b3 Bg7 4. Bb2 d6 5. d4 O-O 6. Bg2 c5 7. c4 Qa5+ 8. Nc3 Nc6 9. O-O cxd4 $14 10. Nxd4 Bd7 11. e3 Rab8 12. Rc1 Rfc8 13. Qe2 a6 14. h3 e6 15. Rfd1 Nxd4 16. exd4 b5 17. cxb5 axb5 18. d5 e5 19. Ba1 Ra8 20. a4 bxa4 21. bxa4 Ne8 22. h4 f5 23. h5 e4 24. Qd2 Rab8 25. Nxe4 Qxd2 26. Nxd2 Bxa4 27. Re1 Rxc1 28. Rxc1 Bxa1 29. Rxa1 Rb4 30. hxg6 hxg6 31. Nf3 f4 32. g4 Nf6 33. Ng5 Nxg4 34. Ne4 Ne5 35. Nxd6 f3 36. Bh3 Nd3 37. Be6+ Kf8 38. Nf7 Nf4 39. Ne5 Ke7 40. Nxf3 Nxe6 41. Re1 Bd7 42. dxe6 Bxe6 43. Kh2 Kf6 44. Ne5 Rb5 45. Nf3 Rh5+ 46. Kg3 g5 47. Re3 Bf5 48. Nh2 Rh3+ 49. Kg2 Rh4 50. Rg3 Rf4 51. Ra3 Rb4 52. Kg3 g4 53. Kh4 Rf4 54. Rg3 Be6 55. Nxg4+ Bxg4 56. Rxg4 Kf5 57. Rxf4+ Kxf4 58. f3 Kxf3 1/2-1/2

[Event "6th Heraklion Fischer 2019"]
[Site "Heraklion"]
[Date "2019.05.01"]
[Round "3.2"]
[White "Krishnater Kushager"]
[Black "Tate, Alan"]
[Result "1-0"]
[ECO "E11"]
[WhiteElo "2329"]
[BlackElo "2308"]
[Annotator "NA"]
[PlyCount "97"]
[EventDate "2019.04.29"]
[EventType "tourn"]
[EventCountry "GRE"]
[SourceTitle "playchess.com"]
[Source "ChessBase"]
[SourceQuality "1"]
[TimeControl "40/5400+30:1800+30"]

1. d4 Nf6 2. c4 e6 3. Nf3 Bb4+ 4. Nbd2 b6 5. a3 Bxd2+ 6. Qxd2 Bb7 7. g3 a5 8. Bg2 Be4 9. O-O d6 10. b3 Nbd7 11. Bb2 O-O 12. b4 axb4 13. axb4 b5 14. c5 Nd5 15. Rfc1 N7f6 16. Ne1 Bxg2 17. Kxg2 Ra4 18. Rxa4 bxa4 19. Nc2 Qa8 20. f3 Rb8 21. e4 Ne7 22. Na3 dxc5 23. dxc5 Rd8 24. Qe2 Nc6 25. b5 Nd4 26. Bxd4 Rxd4 27. c6 Rb4 28. Rd1 h6 29. Rd3 Rb3 30. Qc2 Rxd3 31. Qxd3 Qa5 32. Qe3 Ne8 33. e5 Qb4 34. f4 Kf8 35. Qd3 Qc5 36. Nc2 f6 37. Qa3 Qxa3 38. Nxa3 g5 39. Kf3 h5 40. fxg5 fxg5 41. h3 Ke7 42. g4 h4 43. Ke4 Ng7 44. Nc2 Kd8 45. Kd4 Nf5+ 46. gxf5 exf5 47. Ne3 g4 48. hxg4 h3 49. Nxf5 1-0

[Event "6th Heraklion Fischer 2019"]
[Site "Heraklion"]
[Date "2019.05.01"]
[Round "3.4"]
[White "Mitsis, Georgios"]
[Black "Leenhouts, Koen"]
[Result "1/2-1/2"]
[ECO "A65"]
[WhiteElo "2362"]
[BlackElo "2446"]
[Annotator "NA RC"]
[PlyCount "58"]
[EventDate "2019.04.29"]
[EventType "tourn"]
[EventCountry "GRE"]
[SourceTitle "playchess.com"]
[Source "ChessBase"]
[SourceQuality "1"]
[TimeControl "40/5400+30:1800+30"]

1. d4 Nf6 2. c4 g6 3. f3 c5 4. d5 Bg7 5. e4 d6 6. Nc3 O-O 7. Be3 e6 8. Qd2 exd5 9. cxd5 Nbd7 10. Bd3 Ne5 11. Nge2 a6 12. a4 Nxd3+ 13. Qxd3 Rb8 14. O-O Nd7 15. f4 Re8 16. h3 Qe7 17. Bd2 b5 18. axb5 axb5 19. Nxb5 Qxe4 20. Qxe4 Rxe4 21. Ng3 Rc4 22. Nxd6 Rc2 23. Be3 Rbxb2 24. Rf2 Rxf2 25. Bxf2 Rxf2 26. Kxf2 Bxa1 27. Nxc8 f5 28. Ne2 Nf6 29. Nb6 Kf7 1/2-1/2

[Event "6th Heraklion Fischer 2019"]
[Site "Heraklion"]
[Date "2019.05.01"]
[Round "3.5"]
[White "Kapnisis, Spyridon"]
[Black "Gungl, Theo"]
[Result "1-0"]
[ECO "B81"]
[WhiteElo "2459"]
[BlackElo "2329"]
[Annotator "ChessBase"]
[PlyCount "67"]
[EventDate "2019.04.29"]
[EventType "tourn"]
[EventCountry "GRE"]
[SourceTitle "playchess.com"]
[Source "ChessBase"]
[SourceQuality "1"]
[TimeControl "40/5400+30:1800+30"]

1. e4 c5 2. Nf3 d6 3. d4 cxd4 4. Nxd4 Nf6 5. Nc3 a6 6. Be3 e6 7. g4 e5 8. Nf5 h5 9. g5 Nxe4 10. Nxg7+ Bxg7 11. Nxe4 d5 12. Ng3 d4 13. Bd2 Qd5 14. c4 Qc6 15. Bd3 Bg4 16. Qc2 Bf3 17. O-O Nd7 18. Nf5 Bf8 19. Nh4 Bg4 20. b4 Be6 21. Rac1 Be7 22. Be4 Qc7 23. Nf5 Rg8 24. Nxe7 Kxe7 25. f4 Bh3 26. Rfe1 Rae8 27. Qb3 Bg4 28. h3 exf4 29. hxg4 Kd8 30. Qf3 Ne5 31. Qxf4 hxg4 32. Bg2 Kc8 33. Qxd4 Rh8 34. Bf4 1-0

[Event "6th Heraklion Fischer 2019"]
[Site "Heraklion"]
[Date "2019.05.02"]
[Round "4.2"]
[White "Leenhouts, Koen"]
[Black "Kapnisis, Spyridon"]
[Result "0-1"]
[ECO "A62"]
[WhiteElo "2446"]
[BlackElo "2459"]
[Annotator "ChessBase"]
[PlyCount "68"]
[EventDate "2019.04.29"]
[EventType "tourn"]
[EventCountry "GRE"]
[SourceTitle "playchess.com"]
[Source "ChessBase"]
[SourceQuality "1"]
[TimeControl "40/5400+30:1800+30"]

1. d4 Nf6 2. c4 e6 3. g3 c5 4. d5 exd5 5. cxd5 d6 6. Nc3 g6 7. Nf3 Bg7 8. Bg2 O-O 9. O-O Re8 10. Bf4 Bf5 11. Nh4 Bc8 12. Nf3 Bf5 13. Nd2 Nh5 14. Be3 Nd7 15. Nc4 Ne5 16. Nxe5 Bxe5 17. Bd2 Qd7 18. e4 Bh3 19. Re1 Bxg2 20. Kxg2 f5 21. f3 b5 22. exf5 b4 23. Ne4 gxf5 24. Ng5 Bxb2 25. Rb1 Bf6 26. Ne6 Ng7 27. Bh6 Nxe6 28. dxe6 Rxe6 29. Qb3 d5 30. Red1 Rd8 31. Rbc1 Bc3 32. Bg5 c4 33. Qb1 Rde8 34. Kh1 Re2 0-1

[Event "6th Heraklion Fischer 2019"]
[Site "Heraklion"]
[Date "2019.05.02"]
[Round "4.4"]
[White "Tate, Alan"]
[Black "Moksh Amit Doshi"]
[Result "1-0"]
[ECO "A09"]
[WhiteElo "2308"]
[BlackElo "2256"]
[Annotator "NA"]
[PlyCount "73"]
[EventDate "2019.04.29"]
[EventType "tourn"]
[EventCountry "GRE"]
[SourceTitle "playchess.com"]
[Source "ChessBase"]
[SourceQuality "1"]
[TimeControl "40/5400+30:1800+30"]

1. Nf3 d5 2. c4 d4 3. e3 Nc6 4. exd4 Nxd4 5. Nxd4 Qxd4 6. Nc3 c6 7. d3 Nh6 8. Be2 Nf5 9. g4 Nh4 10. Rg1 e5 11. Be3 Qd8 12. Qb3 Be7 13. O-O-O O-O 14. Ne4 Qc7 15. Kb1 c5 16. Rdf1 f5 17. gxf5 Nxf5 18. Nc3 Nd4 19. Nd5 Qd6 20. Bxd4 exd4 21. Bg4 b6 22. Bxc8 Raxc8 23. Qd1 Bh4 24. Qg4 Qh6 25. f4 Rc6 26. f5 Bf6 27. Rf3 Rf7 28. Qg2 Be5 29. Rh3 Qd6 30. Qe4 Bf6 31. Rhg3 Rc8 32. Qe6 Qxe6 33. fxe6 Rff8 34. e7 Rf7 35. Nxf6+ Rxf6 36. Rxg7+ Kh8 37. Rg8+ 1-0

[Event "6th Heraklion Fischer 2019"]
[Site "Heraklion"]
[Date "2019.05.02"]
[Round "4.5"]
[White "Oglaza, Oskar"]
[Black "Krishnater Kushager"]
[Result "1/2-1/2"]
[ECO "C45"]
[WhiteElo "2338"]
[BlackElo "2329"]
[Annotator "NA"]
[PlyCount "30"]
[EventDate "2019.04.29"]
[EventType "tourn"]
[EventCountry "GRE"]
[SourceTitle "playchess.com"]
[Source "ChessBase"]
[SourceQuality "1"]
[TimeControl "40/5400+30:1800+30"]

1. e4 e5 2. Nf3 Nc6 3. d4 exd4 4. Nxd4 Qf6 5. Nb5 Bc5 6. Qe2 Bb6 7. N1c3 Nge7 8. Be3 Ba5 9. O-O-O a6 10. Nd5 Nxd5 11. exd5 axb5 12. Bg5+ Qe5 13. dxc6 Qxe2 14. cxd7+ Bxd7 15. Bxe2 c6 1/2-1/2

[Event "6th Heraklion Fischer 2019"]
[Site "Heraklion"]
[Date "2019.05.03"]
[Round "5.2"]
[White "Moksh Amit Doshi"]
[Black "Oglaza, Oskar"]
[Result "1-0"]
[ECO "D76"]
[WhiteElo "2256"]
[BlackElo "2338"]
[Annotator "NA"]
[PlyCount "119"]
[EventDate "2019.04.29"]
[EventType "tourn"]
[EventCountry "GRE"]
[SourceTitle "playchess.com"]
[Source "ChessBase"]
[SourceQuality "1"]
[TimeControl "40/5400+30:1800+30"]

1. d4 Nf6 2. c4 g6 3. g3 d5 4. cxd5 Nxd5 5. Bg2 Nb6 6. Nc3 Bg7 7. Nf3 Nc6 8. e3 O-O 9. O-O Re8 10. h3 e5 11. d5 Nb4 12. e4 c6 13. Qb3 Na6 14. Be3 cxd5 15. exd5 Bd7 16. Ng5 Rf8 17. Ne6 fxe6 18. dxe6 Bxe6 19. Qxe6+ Kh8 20. Bxb7 Nc7 21. Qc6 Rb8 22. Bxb6 axb6 23. Rad1 Qe8 24. Qxc7 Rf7 25. Qc6 Rfxb7 26. Qxe8+ Rxe8 27. Ne4 Ra8 28. Rd5 Bf8 29. a3 b5 30. Rfd1 b4 31. a4 b3 32. Rb5 Rc7 33. Nc3 Bc5 34. Rxb3 Rf8 35. Rd2 Ra7 36. Ne4 Bd4 37. Rb4 Rfa8 38. b3 Rc7 39. Kg2 h6 40. h4 Kg7 41. Rb5 Kf8 42. Nd6 Rc1 43. Nc4 Re1 44. Rb7 g5 45. hxg5 hxg5 46. Nd6 g4 47. Rc2 e4 48. Rcc7 e3 49. Rf7+ Kg8 50. Nf5 Ra6 51. Rfd7 Ra8 52. Nh6+ Kf8 53. Rxd4 e2 54. Re4 Ra7 55. Rb8+ Kg7 56. Nxg4 Rd7 57. Rbe8 Rd2 58. Nh2 Rdd1 59. Nf3 Rh1 60. Rxe2 1-0

[Event "6th Heraklion Fischer 2019"]
[Site "Heraklion"]
[Date "2019.05.03"]
[Round "5.3"]
[White "Mitsis, Georgios"]
[Black "Tate, Alan"]
[Result "1-0"]
[ECO "D11"]
[WhiteElo "2362"]
[BlackElo "2308"]
[Annotator "NA"]
[PlyCount "75"]
[EventDate "2019.04.29"]
[EventType "tourn"]
[EventCountry "GRE"]
[SourceTitle "playchess.com"]
[Source "ChessBase"]
[SourceQuality "1"]
[TimeControl "40/5400+30:1800+30"]

1. d4 d5 2. Nf3 Nf6 3. c4 c6 4. e3 Bg4 5. Qb3 Qb6 6. Nc3 e6 7. Nh4 Bh5 8. h3 Nbd7 9. g4 Bg6 10. Nxg6 hxg6 11. g5 Ng8 12. Qc2 Ne7 13. Bd2 Nf5 14. cxd5 exd5 15. O-O-O Be7 16. Rg1 Nf8 17. Bd3 Nd6 18. Rg3 Ne6 19. f4 Qc7 20. Rf3 O-O-O 21. Be1 Kb8 22. h4 Qd7 23. Bg3 Nc7 24. f5 gxf5 25. Rxf5 Nxf5 26. Bxf5 Qe8 27. Qh2 Rd7 28. Kb1 Bd8 29. e4 dxe4 30. d5 e3 31. Bxd7 Qxd7 32. dxc6 Qxc6 33. Nd5 Re8 34. Nxe3 Ka8 35. Qc2 Qxc2+ 36. Kxc2 Ne6 37. Nc4 Be7 38. Rd7 1-0

[Event "6th Heraklion Fischer 2019"]
[Site "Heraklion"]
[Date "2019.05.04"]
[Round "6.1"]
[White "Georgiev, Kiril"]
[Black "Leenhouts, Koen"]
[Result "1/2-1/2"]
[ECO "D85"]
[WhiteElo "2588"]
[BlackElo "2446"]
[Annotator "ChessBase"]
[PlyCount "51"]
[EventDate "2019.04.29"]
[EventType "tourn"]
[EventCountry "GRE"]
[SourceTitle "playchess.com"]
[Source "ChessBase"]
[SourceQuality "1"]
[TimeControl "40/5400+30:1800+30"]

1. Nf3 Nf6 2. d4 g6 3. c4 Bg7 4. Nc3 d5 5. cxd5 Nxd5 6. e4 Nxc3 7. bxc3 c5 8. Be3 Qa5 9. Qd2 O-O 10. Rc1 Rd8 11. d5 e6 12. Bg5 f6 13. Bf4 Qa4 14. c4 Nc6 15. Be2 Nb4 16. O-O Qxa2 17. Qe3 e5 18. Bg3 Qa5 19. Nd2 Qc7 20. f4 Bh6 21. Rf2 a5 22. Rcf1 a4 23. Qa3 exf4 24. Bxf4 Bxf4 25. Rxf4 Qe5 26. Kh1 1/2-1/2

[Event "6th Heraklion Fischer 2019"]
[Site "Heraklion"]
[Date "2019.05.04"]
[Round "6.3"]
[White "Tate, Alan"]
[Black "Kapnisis, Spyridon"]
[Result "0-1"]
[ECO "B63"]
[WhiteElo "2308"]
[BlackElo "2459"]
[Annotator "RC"]
[PlyCount "84"]
[EventDate "2019.04.29"]
[EventType "tourn"]
[EventCountry "GRE"]
[SourceTitle "playchess.com"]
[Source "ChessBase"]
[SourceQuality "1"]
[TimeControl "40/5400+30:1800+30"]

1. e4 c5 2. Nf3 Nc6 3. d4 cxd4 4. Nxd4 Nf6 5. Nc3 d6 6. Bg5 e6 7. Qd2 a6 8. O-O-O Be7 9. f3 O-O 10. h4 Qc7 11. g4 Nxd4 12. Qxd4 b5 13. Kb1 Rb8 14. Qd2 Rd8 15. h5 b4 16. Ne2 a5 17. Nd4 a4 18. Bh4 a3 19. b3 e5 20. g5 Nxh5 21. Nf5 g6 22. Be1 Be6 23. Bh3 Nf4 24. Nh6+ Kf8 25. Bxe6 Nxe6 26. Nxf7 Kxf7 27. Rxh7+ Ke8 28. Qd5 Nxg5 29. Rg7 Rbc8 30. Rc1 Qc5 31. Qg8+ Kd7 32. Rxe7+ Kxe7 33. Qg7+ Ke8 34. Qxg6+ Kd7 35. Qxg5 Qd4 36. Qg7+ Kc6 37. c3 Qd3+ 38. Ka1 Qe3 39. Kb1 Qd3+ 40. Rc2 Qd1+ 41. Rc1 Qe2 42. cxb4+ Kb6 0-1

[Event "6th Heraklion Fischer 2019"]
[Site "Heraklion"]
[Date "2019.05.04"]
[Round "6.5"]
[White "Krishnater, Kushager"]
[Black "Moksh, Amit Doshi"]
[Result "1-0"]
[ECO "B90"]
[WhiteElo "2329"]
[BlackElo "2256"]
[Annotator "NA"]
[PlyCount "61"]
[EventDate "2019.04.29"]
[EventType "tourn"]
[EventCountry "GRE"]
[SourceTitle "playchess.com"]
[Source "ChessBase"]
[SourceQuality "1"]
[TimeControl "40/5400+30:1800+30"]

1. e4 c5 2. Nf3 d6 3. d4 cxd4 4. Nxd4 Nf6 5. Nc3 a6 6. h3 e5 7. Nb3 Be6 8. f4 g6 9. Be2 Nbd7 10. g4 exf4 11. g5 Nh5 12. Bxh5 Qxg5 13. Bg4 Ne5 14. Bxe6 fxe6 15. Qe2 Qf6 16. Bd2 Bg7 17. O-O-O O-O 18. Rdf1 f3 19. Qh2 b5 20. Nd1 a5 21. Bc3 b4 22. Bxe5 Qg5+ 23. Kb1 Bxe5 24. h4 Qf6 25. Qh3 Rac8 26. Nd2 Qf4 27. Qxe6+ Kh8 28. Qd5 Rc5 29. Qd3 Rfc8 30. Rxf3 Qg4 31. Ne3 1-0

[Event "6th Heraklion Fischer 2019"]
[Site "Heraklion"]
[Date "2019.05.05"]
[Round "7.1"]
[White "Moksh Amit Doshi"]
[Black "Georgiev, Kiril"]
[Result "0-1"]
[ECO "E32"]
[WhiteElo "2256"]
[BlackElo "2588"]
[Annotator "RC"]
[PlyCount "54"]
[EventDate "2019.04.29"]
[EventType "tourn"]
[EventCountry "GRE"]
[SourceTitle "playchess.com"]
[Source "ChessBase"]
[SourceQuality "1"]
[TimeControl "40/5400+30:1800+30"]

1. d4 Nf6 2. c4 e6 3. Nc3 Bb4 4. Qc2 b6 5. e4 c5 6. d5 exd5 7. exd5 Qe7+ 8. Be2 Qe4 9. Qd2 Qxg2 10. Bf3 Qg6 11. a3 Bxc3 12. Qxc3 O-O 13. Ne2 Re8 14. Be3 Qf5 15. Rg1 d6 16. O-O-O g6 17. Bh1 Ng4 18. Rxg4 Qxg4 19. Bh6 Re5 20. f4 Qh4 21. fxe5 Qxh6+ 22. Rd2 Bg4 23. Ng3 Nd7 24. exd6 Re8 25. Kb1 Qf4 26. Ka2 Re3 27. Qc2 Qxd6 0-1

[Event "6th Heraklion Fischer 2019"]
[Site "Heraklion"]
[Date "2019.05.05"]
[Round "7.2"]
[White "Mitsis, Georgios"]
[Black "Krishnater Kushager"]
[Result "1/2-1/2"]
[ECO "E83"]
[WhiteElo "2362"]
[BlackElo "2329"]
[Annotator "ChessBase"]
[PlyCount "46"]
[EventDate "2019.04.29"]
[EventType "tourn"]
[EventCountry "GRE"]
[SourceTitle "playchess.com"]
[Source "ChessBase"]
[SourceQuality "1"]
[TimeControl "40/5400+30:1800+30"]

1. d4 Nf6 2. c4 g6 3. Nc3 Bg7 4. e4 d6 5. f3 O-O 6. Be3 Nc6 7. Nge2 a6 8. Qd2 Bd7 9. Rc1 b5 10. cxb5 axb5 11. Nxb5 Rxa2 12. Nec3 Ra8 13. Rb1 e5 14. d5 Ne7 15. Be2 Nh5 16. O-O Nf4 17. Rfc1 Nxe2+ 18. Qxe2 Qb8 19. Qc4 Rc8 20. Ra1 c6 21. dxc6 Rxc6 22. Ra3 Ra7 23. Rxa7 Qa8 1/2-1/2

[Event "6th Heraklion Fischer 2019"]
[Site "Heraklion"]
[Date "2019.05.05"]
[Round "7.4"]
[White "Gungl, Theo"]
[Black "Tate, Alan"]
[Result "1-0"]
[ECO "D16"]
[WhiteElo "2329"]
[BlackElo "2308"]
[Annotator "RC"]
[PlyCount "85"]
[EventDate "2019.04.29"]
[EventType "tourn"]
[EventCountry "GRE"]
[SourceTitle "playchess.com"]
[Source "ChessBase"]
[SourceQuality "1"]
[TimeControl "40/5400+30:1800+30"]

1. d4 d5 2. c4 c6 3. Nc3 Nf6 4. Nf3 dxc4 5. a4 e6 6. e3 c5 7. Bxc4 Nc6 8. O-O cxd4 9. Nxd4 Nxd4 10. exd4 Be7 11. d5 exd5 12. Nxd5 Nxd5 13. Bxd5 O-O 14. Qf3 Qa5 15. Rd1 Bf6 16. Bd2 Qa6 17. Bb4 Re8 18. Re1 Rxe1+ 19. Rxe1 Be6 20. Bxb7 Qxa4 21. Bxa8 Qxb4 22. Qe4 Qxe4 23. Rxe4 Bxb2 24. Ra4 h5 25. Rxa7 g6 26. Ra5 Kg7 27. Bd5 Bxd5 28. Rxd5 f5 29. Kf1 Kf6 30. Rd6+ Kg5 31. Ra6 Be5 32. h3 h4 33. Ke2 Bh2 34. Ke3 Bf4+ 35. Kd4 Bh2 36. Kd5 Bg1 37. Ra2 Kf6 38. f4 Be3 39. Ra6+ Kg7 40. Ke5 Kh6 41. Kf6 Bxf4 42. Kf7 Kh5 43. Rxg6 1-0

[Event "6th Heraklion Fischer 2019"]
[Site "Heraklion"]
[Date "2019.05.06"]
[Round "8.5"]
[White "Moksh Amit Doshi"]
[Black "Mitsis, Georgios"]
[Result "1-0"]
[ECO "E49"]
[WhiteElo "2256"]
[BlackElo "2362"]
[Annotator "RC"]
[PlyCount "71"]
[EventDate "2019.04.29"]
[EventType "tourn"]
[EventCountry "GRE"]
[SourceTitle "playchess.com"]
[Source "ChessBase"]
[SourceQuality "1"]
[TimeControl "40/5400+30:1800+30"]

1. d4 Nf6 2. c4 e6 3. Nc3 Bb4 4. e3 O-O 5. Bd3 d5 6. a3 Bxc3+ 7. bxc3 dxc4 8. Bxc4 c5 9. Ne2 Qc7 10. Ba2 Nc6 11. O-O b6 12. Bb2 Ba6 13. Rc1 Rfd8 14. c4 cxd4 15. exd4 Na5 16. d5 Bxc4 17. Bxf6 gxf6 18. Ng3 Rxd5 19. Qg4+ Rg5 20. Qh4 b5 21. Bb1 Kf8 22. f4 Qb6+ 23. Rf2 Rd5 24. Ne4 Qe3 25. Qh6+ Ke7 26. Qxf6+ Kf8 27. Qh8+ Ke7 28. Qf6+ Ke8 29. Qb2 Rd4 30. Nf6+ Ke7 31. Ng4 Qxc1+ 32. Qxc1 Rad8 33. Ne3 Nb3 34. Qe1 Ke8 35. h3 Nc5 36. Kh2 1-0

[Event "6th Heraklion Fischer 2019"]
[Site "Heraklion"]
[Date "2019.05.07"]
[Round "9.1"]
[White "Mitsis, Georgios"]
[Black "Georgiev, Kiril"]
[Result "1/2-1/2"]
[ECO "E12"]
[WhiteElo "2362"]
[BlackElo "2588"]
[Annotator "ChessBase"]
[PlyCount "75"]
[EventDate "2019.04.29"]
[EventType "tourn"]
[EventCountry "GRE"]
[SourceTitle "playchess.com"]
[Source "ChessBase"]
[SourceQuality "1"]
[TimeControl "40/5400+30:1800+30"]

1. d4 Nf6 2. Nf3 e6 3. c4 b6 4. a3 Ba6 5. Qc2 Bb7 6. Nc3 c5 7. e4 cxd4 8. Nxd4 d6 9. Be2 Be7 10. O-O O-O 11. Be3 Nbd7 12. f4 Rc8 13. Rad1 a6 14. g4 h6 15. g5 hxg5 16. fxg5 Ne8 17. g6 Bg5 18. Qd2 Bxe3+ 19. Qxe3 Ne5 20. gxf7+ Rxf7 21. Nxe6 Qd7 22. Ng5 Rxf1+ 23. Rxf1 Nxc4 24. Qd4 Ne5 25. Nd5 Nc7 26. Nxb6 Qe7 27. h4 Rd8 28. Nc4 Ne6 29. Nxe6 Qxe6 30. Nxe5 Qxe5 31. Qxe5 dxe5 32. Bc4+ Kh7 33. Rf7 Bxe4 34. Bxa6 Kg6 35. Rf2 Rd1+ 36. Rf1 Rd2 37. Rf2 Rd1+ 38. Rf1 1/2-1/2

[Event "6th Heraklion Fischer 2019"]
[Site "Heraklion"]
[Date "2019.05.07"]
[Round "9.2"]
[White "Kapnisis, Spyridon"]
[Black "Moksh Amit Doshi"]
[Result "1-0"]
[ECO "A28"]
[WhiteElo "2459"]
[BlackElo "2256"]
[Annotator "ChessBase"]
[PlyCount "63"]
[EventDate "2019.04.29"]
[EventType "tourn"]
[EventCountry "GRE"]
[SourceTitle "playchess.com"]
[Source "ChessBase"]
[SourceQuality "1"]
[TimeControl "40/5400+30:1800+30"]

1. c4 e5 2. Nc3 Nf6 3. Nf3 Nc6 4. e3 Bb4 5. Nd5 e4 6. Ng1 O-O 7. a3 Bd6 8. Qc2 Re8 9. Ne2 Ng4 10. Nef4 Nce5 11. Be2 c6 12. Nc3 f5 13. b3 Qh4 14. g3 Qh6 15. d4 exd3 16. Nxd3 Nxd3+ 17. Qxd3 Be5 18. f4 Bf6 19. Bxg4 fxg4 20. Bb2 b5 21. cxb5 a6 22. bxc6 dxc6 23. O-O Be6 24. Na4 Rad8 25. Qc2 Bf5 26. Qc4+ Be6 27. Qc2 Bf5 28. Qc4+ Kh8 29. Rad1 Rxe3 30. Rxd8+ Bxd8 31. Qf7 Be6 32. Qe8+ 1-0

[Event "6th Heraklion Fischer 2019"]
[Site "Heraklion"]
[Date "2019.05.07"]
[Round "9.4"]
[White "Leenhouts, Koen"]
[Black "Oglaza, Oskar"]
[Result "1/2-1/2"]
[ECO "E34"]
[WhiteElo "2446"]
[BlackElo "2338"]
[Annotator "NA"]
[PlyCount "62"]
[EventDate "2019.04.29"]
[EventType "tourn"]
[EventCountry "GRE"]
[SourceTitle "playchess.com"]
[Source "ChessBase"]
[SourceQuality "1"]
[TimeControl "40/5400+30:1800+30"]

1. d4 Nf6 2. c4 e6 3. Nc3 Bb4 4. Qc2 d5 5. cxd5 Qxd5 6. e3 O-O 7. Bd2 Bxc3 8. Bxc3 c5 9. dxc5 Qxc5 10. Bd3 e5 11. Nf3 Nc6 12. O-O Re8 13. Ng5 h6 14. Bh7+ $14 Kf8 15. Ne4 Nxe4 16. Bxe4 Be6 17. b4 Qb6 18. a4 a6 19. Rab1 f6 20. Rfc1 Ne7 21. a5 Qb5 22. Qd3 Bc4 23. Qd6 Rac8 24. Be1 Red8 25. Qb6 Qxb6 26. axb6 Bd5 27. Rxc8 Rxc8 28. Bd3 Bc4 29. Be4 Bd5 30. Bd3 Bc4 31. Be4 Bd5 1/2-1/2

[Event "6th Heraklion Fischer 2019"]
[Site "Heraklion"]
[Date "2019.05.07"]
[Round "9.5"]
[White "Rozentalis, Eduardas"]
[Black "Tate, Alan"]
[Result "1-0"]
[ECO "B06"]
[WhiteElo "2568"]
[BlackElo "2308"]
[Annotator "ChessBase"]
[PlyCount "67"]
[EventDate "2019.04.29"]
[EventType "tourn"]
[EventCountry "GRE"]
[SourceTitle "playchess.com"]
[Source "ChessBase"]
[SourceQuality "1"]
[TimeControl "40/5400+30:1800+30"]

1. e4 g6 2. d4 Bg7 3. Nf3 d6 4. Nc3 a6 5. g3 Bg4 6. Bg2 Nc6 7. Ne2 e5 8. d5 Nce7 9. O-O Qd7 10. Ne1 h5 11. f3 Bh3 12. Bxh3 Qxh3 13. Nd3 Qd7 14. c4 c5 15. b4 b6 16. bxc5 bxc5 17. Nc3 Rb8 18. Qa4 Qxa4 19. Nxa4 f5 20. Bg5 Nf6 21. Rab1 O-O 22. Rb6 Rxb6 23. Nxb6 Rf7 24. Bxf6 Bxf6 25. Rb1 fxe4 26. fxe4 Bg5 27. Kg2 Bd2 28. Na4 h4 29. Rb6 h3+ 30. Kxh3 Rf3 31. Nab2 Nf5 32. exf5 e4 33. fxg6 Ba5 34. Rb8+ 1-0